Map: Arctic Gates

Players

BizMac

  • Race: Zerg Zerg
  • Spawn Location: 0:00

ILIEKEGGPIE

  • Race: Protoss Protoss
  • League: Gold
  • Spawn Location: 3:00

Alex

  • Race: Zerg Zerg
  • League: Silver
  • Spawn Location: 0:00

MIKEUL

  • Race: Terran Terran
  • League: Platinum
  • Spawn Location: 9:00

VOD

Have the link to the VOD?

Description

Time

  • Played on: April 4, 2018, 7:08 a.m.
  • Length: 24:29
Show
View Real Time Build Order
Export as new Build Order

BizMac Zerg 

Build Orders: Pool First, Muta Ling Bane 

Get SALT Encoding   

  12  0:03  Drone  
  13  0:08  Drone  
  14  0:18  Overlord  
  14  0:37  Drone x3  
  17  0:43  Extractor  
  16  0:51  Spawning Pool  
  16  0:53  Drone  
  16  1:03  Drone  
  17  1:25  Hatchery  
  16  1:27  Drone  
  16  1:28  Drone  
  18  1:42  Queen  
  20  1:57  Metabolic Boost  
  20  1:59  Zergling x4  
  22  2:08  Overlord  
  22  2:29  Drone  
  23  2:37  Lair  
  23  2:49  Drone x5  
  28  3:06  Overlord  
  28  3:07  Drone  
  28  3:08  Drone x2, Queen  
  33  3:18  Zergling x2  
  34  3:22  Spine Crawler, Zergling x4  
  35  3:29  Zergling x6  
  38  3:39  Extractor  
  38  4:10  Drone x7  
  44  4:17  Overlord x2  
  44  4:26  Baneling Nest  
  43  4:32  Drone  
  43  4:34  Extractor  
  43  4:35  Extractor  
  38  4:54  Drone x3  
  38  4:55  Drone  
  42  5:08  Spire  
  42  5:11  Drone x3  
  45  5:14  Drone x5  
  45  5:18  Centrifical Hooks  
  45  5:20  Evolution Chamber  
  46  5:39  Drone x2  
  46  5:40  Overlord x2  
  46  5:41  Overlord  
  47  5:53  Hatchery  
  45  6:00  Drone  
  45  6:01  Drone x2  
  48  6:04  Spore Crawler  
  48  6:08  Spore Crawler  
  48  6:11  Spore Crawler, Drone x2  
  48  6:18  Drone  
  48  6:24  Mutalisk x7  
  62  6:32  Zerg Flyer Armor Level 1  
  62  6:48  Drone x9  
  71  6:56  Overlord  
  71  7:04  Mutalisk  
  71  7:05  Mutalisk  
  75  7:25  Mutalisk x2  
  75  7:26  Mutalisk x4  
  87  7:35  Overlord x2  
  87  7:36  Drone x2  
  87  7:37  Drone  
  90  7:49  Extractor x2  
  81  8:19  Mutalisk x6  
  83  8:49  Mutalisk x3  
  89  9:00  Zergling x12  
  95  9:17  Mutalisk x2  
  95  9:18  Mutalisk  
  99  9:51  Mutalisk x4  
  105  9:54  Drone  
  106  10:07  Zerg Flyer Weapons Level 1  
  98  10:46  Mutalisk  
  98  10:47  Mutalisk x3  
  102  11:08  Zergling x2  
  102  11:09  Zergling x10  
  106  11:14  Overlord x2  
  106  11:15  Overlord x3  
  102  11:41  Zergling x14  
  95  12:21  Corruptor  
  95  12:22  Corruptor x4  
  82  12:23  Mutalisk x4  
  94  12:30  Queen  
  96  12:48  Mutalisk x6  
  106  13:12  Mutalisk x5  
  108  13:13  Mutalisk x3  
  76  14:03  Mutalisk  
  76  14:04  Mutalisk x8  
  70  14:32  Zergling x16  
  72  14:50  Zergling x2  
  72  14:51  Zergling x6  
  62  15:11  Zergling x2  
  62  15:12  Zergling x14  
  58  15:29  Mutalisk  
  58  15:30  Mutalisk x6  
  72  15:41  Overlord  
  62  16:13  Corruptor  
  62  16:14  Corruptor x9  
  82  16:23  Hatchery  
  81  16:36  Drone  
  81  16:37  Drone x3  
  85  16:57  Hatchery  
  84  17:03  Drone x2  
  84  17:04  Drone  
  84  17:05  Drone x4  
  91  17:38  Drone  
  92  17:51  Overlord x3  
  89  18:02  Mutalisk x5  
  89  18:03  Mutalisk  
  96  18:19  Corruptor  
  96  18:20  Corruptor x3  
  98  18:46  Corruptor  
  98  18:47  Corruptor x3  
  81  19:13  Corruptor  
  81  19:14  Corruptor  
  81  19:16  Mutalisk x3  
  72  19:51  Mutalisk  
  72  19:52  Mutalisk x5  
  78  20:05  Drone x3  
  74  20:36  Zergling x10  
  74  20:37  Zergling x2  
  76  20:54  Zergling x4  
  76  20:55  Zergling x4  
  80  20:57  Baneling x3  
  80  20:58  Baneling x6  
  80  21:07  Zergling x4  
  62  21:29  Zergling x2  
  62  21:30  Zergling x4  
  43  21:53  Zergling x6  
  33  22:18  Zergling x8  
Show
View Real Time Build Order
Export as new Build Order

ILIEKEGGPIE Protoss 

Build Orders:  

Get SALT Encoding   

  12  0:00  Probe  
  13  0:13  Probe  
  14  0:20  Pylon  
  14  0:25  Probe (Chrono Boost)  
  15  0:39  Probe (Chrono Boost)  
  16  0:43  Gateway  
  16  0:49  Assimilator, Probe (Chrono Boost)  
  17  1:00  Probe  
  17  1:04  Assimilator  
  18  1:12  Probe, Gateway  
  19  1:24  Probe  
  20  1:31  Pylon  
  20  1:35  Cybernetics Core  
  20  1:40  Probe  
  21  1:52  Probe  
  22  2:08  Probe  
  23  2:09  Warp Gate (Chrono Boost)  
  23  2:11  Stalker (Chrono Boost)  
  27  2:20  Stalker (Chrono Boost)  
  27  2:40  Stalker  
  29  2:50  Stalker  
  31  2:57  Pylon  
  31  3:11  Twilight Council  
  31  3:27  Stalker  
  31  3:29  Stalker  
  35  3:34  Probe  
  36  4:06  Dark Shrine  
  36  4:08  Robotics Facility  
  36  4:25  Nexus  
  36  4:29  Pylon  
  36  4:30  Stalker  
  38  4:34  Assimilator  
  38  4:40  Assimilator  
  38  4:48  Gateway x2  
  38  5:00  Observer (Chrono Boost)  
  39  5:08  Probe  
  39  5:12  Stalker  
  42  5:17  Warp Prism (Chrono Boost)  
  42  5:20  Probe  
  45  5:33  Probe (Chrono Boost)  
  45  5:34  Blink (Chrono Boost)  
  46  5:42  Probe (Chrono Boost)  
  48  5:50  Probe (Chrono Boost)  
  48  5:52  Probe (Chrono Boost)  
  48  5:56  Probe (Chrono Boost)  
  48  5:57  Probe (Chrono Boost)  
  51  6:07  Dark Templar x2  
  51  6:08  Probe x2  
  57  6:20  Probe x2  
  57  6:21  Forge  
  59  6:39  Probe x2  
  61  6:44  Forge  
  61  6:45  Pylon  
  59  7:01  Protoss Ground Weapons Level 1 (Chrono Boost)  
  59  7:03  Probe, Pylon  
  59  7:04  Probe  
  61  7:09  Pylon  
  61  7:15  Protoss Ground Armor Level 1 (Chrono Boost)  
  60  7:16  Probe  
  60  7:20  Immortal  
  65  7:36  Stalker x3  
  69  7:40  Zealot  
  71  7:47  Probe  
  72  7:59  Probe  
  72  8:00  Immortal (Chrono Boost)  
  77  8:07  Dark Templar x2  
  77  8:09  Dark Templar x2  
  85  8:31  Archon  
  85  8:35  Archon  
  85  8:51  Nexus  
  85  8:52  Pylon  
  85  8:56  Pylon  
  85  8:59  Assimilator  
  85  9:02  Pylon x2  
  85  9:03  Assimilator  
  85  9:18  Stalker x4  
  91  9:26  Robotics Bay  
  91  9:34  Protoss Ground Weapons Level 2 (Chrono Boost), Protoss Ground Armor Level 2 (Chrono Boost)  
  91  9:36  Robotics Facility  
  91  9:38  Gateway  
  91  9:41  Gateway  
  91  9:43  Pylon  
  91  9:44  Pylon  
  91  9:46  Photon Cannon  
  91  9:51  Shield Battery, Probe x2  
  93  10:03  Probe x2  
  95  10:08  Probe  
  96  10:15  Probe x2  
  96  10:20  Probe  
  99  10:27  Probe x2  
  101  10:32  Probe (Chrono Boost)  
  104  10:43  Probe (Chrono Boost)  
  104  10:44  Probe x2 (Chrono Boost)  
  105  10:52  Probe (Chrono Boost)  
  105  10:54  Probe x2 (Chrono Boost)  
  105  10:56  Immortal x2  
  112  10:57  Stalker x2  
  112  10:59  Probe, Sentry x3  
  112  11:03  Probe x2  
  125  11:15  Probe  
  126  11:20  Robotics Facility  
  124  11:34  Colossus  
  75  12:22  Stalker x4  
  65  12:23  Stalker x2  
  71  12:30  Protoss Ground Weapons Level 3 (Chrono Boost)  
  59  12:45  Nexus  
  59  12:46  Assimilator  
  59  12:47  Pylon  
  59  12:49  Pylon  
  59  12:50  Assimilator, Stalker x6  
  71  13:27  Immortal (Chrono Boost)  
  52  13:50  Stalker  
  48  14:08  Stalker x2  
  49  14:43  Pylon  
  49  14:48  Pylon  
  36  15:07  Dark Templar x3  
  36  15:08  Dark Templar  
  42  15:29  Archon  
  42  15:40  Gateway  
  42  15:42  Gateway  
  42  15:44  Gateway  
  42  15:47  Stalker x4  
  49  16:11  Probe  
  49  16:23  Probe  
  49  16:25  Nexus  
  50  16:35  Probe  
  51  16:47  Probe  
  52  17:07  Gateway  
  52  17:08  Gateway  
  52  17:09  Pylon  
  52  17:10  Pylon, Gateway  
  52  17:22  Archon  
  52  17:25  Probe  
  52  17:26  Probe  
  54  17:31  Assimilator  
  54  17:35  Assimilator  
  54  17:38  Probe (Chrono Boost)  
  54  17:40  Probe (Chrono Boost)  
  54  17:43  Protoss Ground Armor Level 3 (Chrono Boost)  
  56  17:50  Probe (Chrono Boost)  
  58  17:52  Dark Templar  
  58  17:54  Probe (Chrono Boost)  
  58  17:55  Probe (Chrono Boost)  
  61  18:20  Probe x3  
  64  18:30  Stalker x3  
  64  18:31  Stalker x3  
  64  18:32  Probe x2  
  72  18:48  Stalker x3  
  72  18:49  Stalker  
  72  18:55  Probe x2 (Chrono Boost)  
  69  19:04  Stalker x3  
  69  19:05  Stalker  
  71  19:16  Dark Templar  
  58  19:43  Nexus  
  51  19:46  Pylon  
  45  20:28  Charge (Chrono Boost), Zealot, Dark Templar x3  
  49  20:29  Zealot x3  
  55  20:42  Assimilator  
  47  21:02  Immortal (Chrono Boost)  
  55  21:05  Immortal (Chrono Boost)  
  55  21:13  Archon  
  55  21:26  Stalker x2  
  55  21:27  Stalker  
  61  21:35  Assimilator  
  61  21:38  Immortal (Chrono Boost)  
  65  21:55  Sentry x3  
  65  21:56  Sentry x5  
  75  22:16  Protoss Shields Level 1 (Chrono Boost)  
  75  22:21  Probe  
  74  22:38  Nexus  
  74  22:41  Pylon  
  64  22:44  Immortal (Chrono Boost)  
  64  22:45  Probe, Pylon  
  69  22:53  Immortal (Chrono Boost)  
  70  23:10  Stalker x2  
  70  23:11  Stalker x2  
  70  23:12  Zealot  
  80  23:13  Zealot x4  
  80  23:15  Immortal  
  92  23:25  Immortal  
  67  23:55  Stalker  
  67  23:56  Stalker x4  
  67  23:57  Stalker  
  76  24:14  Sentry x3  
Show
View Real Time Build Order
Export as new Build Order

Alex Zerg 

Build Orders: Pool First 

Get SALT Encoding   

  12  0:03  Drone  
  13  0:14  Drone  
  14  0:22  Extractor  
  14  0:23  Drone  
  14  0:24  Extractor, Drone  
  15  0:43  Spawning Pool  
  14  0:55  Overlord x2  
  14  1:05  Overlord  
  14  1:16  Drone  
  15  1:23  Drone  
  16  1:30  Drone  
  17  1:35  Metabolic Boost  
  17  1:44  Spine Crawler  
  16  1:49  Extractor  
  16  1:50  Drone x2  
  17  2:02  Queen  
  17  2:05  Drone  
  21  2:15  Zergling x2  
  21  2:33  Spore Crawler  
  21  2:34  Zergling x4  
  22  2:44  Drone  
  23  2:54  Zergling x2  
  24  3:04  Lair  
  24  3:16  Drone x4  
  28  3:28  Drone  
  28  3:34  Drone  
  27  4:10  Drone x4  
  27  4:11  Drone  
  27  4:16  Spire  
  31  4:26  Overlord x2  
  31  4:27  Spine Crawler  
  29  4:55  Drone  
  29  4:56  Drone x3  
  33  5:01  Overseer  
  33  5:03  Extractor  
  32  5:15  Overlord x2  
  32  5:32  Mutalisk  
  32  5:35  Mutalisk x3  
  40  5:45  Hatchery  
  40  5:48  Mutalisk x2  
  43  5:52  Zerg Flyer Weapons Level 1  
  43  6:02  Mutalisk  
  43  6:03  Mutalisk  
  47  6:09  Mutalisk  
  49  6:12  Drone  
  50  6:21  Drone  
  51  6:45  Drone x4  
  55  7:05  Mutalisk x3  
  61  7:09  Spore Crawler  
  61  7:12  Spore Crawler x2  
  58  7:15  Extractor  
  56  7:29  Mutalisk x2  
  59  7:35  Drone x4  
  63  7:40  Queen  
  65  7:44  Spine Crawler  
  65  7:45  Drone  
  65  7:48  Overseer  
  65  7:58  Spore Crawler  
  64  8:00  Drone  
  64  8:01  Drone x2  
  64  8:03  Drone  
  68  8:08  Drone x2  
  60  8:23  Spore Crawler  
  59  8:28  Spore Crawler x2  
  57  8:44  Mutalisk x5  
  59  8:53  Drone x4  
  61  9:19  Spore Crawler  
  61  9:22  Mutalisk x3  
  61  9:23  Spore Crawler  
  65  9:31  Corruptor  
  65  9:33  Overlord x2  
  67  9:55  Mutalisk x2  
  67  9:56  Mutalisk  
  73  10:06  Corruptor  
  75  10:17  Drone x3  
  75  10:21  Hatchery  
  77  10:23  Extractor x2  
  67  10:53  Spore Crawler x2  
  58  11:07  Queen  
  58  11:11  Corruptor x6  
  60  11:12  Spore Crawler  
  60  11:13  Spore Crawler  
  60  11:17  Extractor  
  69  11:47  Corruptor x3  
  75  12:01  Hatchery  
  74  12:26  Corruptor  
  74  12:27  Overlord x3  
  74  12:28  Overlord  
  74  13:13  Corruptor x5  
  80  13:49  Corruptor x3  
  72  14:15  Mutalisk x3  
  74  14:45  Zergling x10  
  77  14:46  Zergling x2  
  77  14:48  Queen  
  77  14:49  Queen  
  84  15:24  Queen  
  86  15:37  Overseer x3  
  76  16:09  Drone x5  
  76  16:10  Drone x4  
  85  16:15  Hydralisk Den  
  82  16:22  Spore Crawler, Zerg Flyer Weapons Level 2  
  82  16:24  Spore Crawler  
  80  16:29  Spire  
  79  16:34  Drone x3  
  79  16:35  Drone x5  
  79  16:39  Spore Crawler  
  86  16:42  Pneumatized Carapace  
  86  16:45  Extractor  
  86  16:46  Drone  
  86  16:47  Drone x4  
  90  16:56  Overseer x4  
  90  16:57  Overseer  
  90  17:06  Mutalisk  
  86  17:37  Spine Crawler, Hydralisk x5  
  85  17:38  Spine Crawler x2  
  85  17:39  Zergling x8  
  85  17:40  Zergling x2  
  98  17:46  Grooved Spines  
  98  18:17  Mutalisk x3  
  98  18:18  Hydralisk  
  106  18:20  Zergling x6  
  106  18:21  Zergling x10  
  65  19:20  Hydralisk x6  
  65  19:21  Hydralisk x7  
  83  19:42  Hydralisk x4  
  83  19:43  Hydralisk x2  
  83  19:44  Zergling x4  
  93  20:03  Corruptor x2  
  97  20:15  Corruptor  
  97  20:20  Hatchery  
  98  20:22  Extractor  
  98  20:24  Extractor  
  92  20:36  Hydralisk x3  
  96  20:58  Corruptor  
  96  21:00  Overlord x8  
  76  21:33  Zergling x14  
  76  21:34  Zergling x4  
  67  22:10  Hydralisk x3  
  67  22:11  Hydralisk x6  
  77  22:16  Queen  
  77  22:19  Hydralisk x2  
  77  22:20  Hydralisk  
  81  22:42  Hydralisk x4  
  80  23:18  Lurker Den, Hydralisk x7  
  93  23:20  Zergling x6  
  93  23:21  Zergling x2  
  97  23:29  Evolution Chamber  
  97  23:30  Evolution Chamber  
  95  23:39  Drone x5  
  100  23:47  Drone x3  
  100  23:48  Drone  
Show
View Real Time Build Order
Export as new Build Order

MIKEUL Terran 

Build Orders: Mech 

Get SALT Encoding   

  12  0:02  SCV  
  13  0:14  SCV  
  14  0:24  Supply Depot  
  14  0:26  SCV  
  15  0:37  Refinery  
  15  0:46  SCV  
  16  0:53  Barracks  
  16  0:58  SCV  
  17  1:10  SCV  
  18  1:13  Supply Depot  
  18  1:21  Refinery  
  18  1:22  SCV  
  19  1:34  SCV  
  20  1:42  Factory  
  20  1:46  SCV  
  21  1:47  Barracks Tech Lab  
  21  1:58  SCV  
  22  2:04  Supply Depot  
  22  2:06  Marine  
  23  2:10  SCV  
  24  2:22  SCV  
  25  2:34  Supply Depot, SCV  
  26  2:44  Factory  
  26  2:47  SCV  
  26  2:50  Siege Tank  
  30  2:58  Marine  
  32  3:07  Orbital Command  
  31  3:14  Engineering Bay  
  31  3:23  Marine  
  32  3:38  Supply Depot  
  32  3:39  Siege Tank  
  35  3:44  Factory Tech Lab  
  35  3:46  Missile Turret  
  35  3:50  Barracks Tech Lab  
  35  3:58  SCV  
  36  4:08  Siege Tank  
  39  4:11  Siege Tank  
  42  4:46  Command Center  
  42  4:48  Missile Turret, SCV  
  43  4:55  Siege Tank  
  47  5:04  SCV  
  47  5:09  Supply Depot  
  47  5:16  SCV  
  47  5:17  Factory  
  48  5:32  Supply Depot  
  47  5:47  Hellion x2  
  51  5:52  SCV  
  51  5:54  Supply Depot  
  52  5:59  Refinery  
  52  6:04  SCV  
  52  6:08  Hellion x2  
  57  6:12  Factory Reactor  
  57  6:16  SCV  
  58  6:18  Starport  
  58  6:23  SCV  
  58  6:28  SCV  
  55  6:49  Planetary Fortress  
  55  6:52  Missile Turret x2  
  55  6:54  SCV  
  56  7:02  Medivac  
  56  7:06  SCV, Marine  
  60  7:18  SCV  
  60  7:19  Factory  
  60  7:21  Armory  
  61  7:28  Marauder  
  63  7:32  Medivac  
  63  7:35  SCV x2  
  67  7:40  Refinery  
  67  7:47  SCV  
  67  7:49  Marauder  
  67  7:50  Siege Tank  
  73  8:10  Marine  
  74  8:16  SCV, Medivac  
  77  8:24  Siege Tank  
  80  8:28  Marine  
  80  8:32  SCV  
  80  8:33  SCV, Liberator  
  83  8:46  Marine  
  86  8:54  Supply Depot  
  87  8:56  Siege Tank  
  87  8:57  Siege Tank  
  93  9:04  Marine  
  94  9:17  SCV  
  94  9:22  Marine  
  96  9:28  Thor  
  102  9:32  Missile Turret  
  102  9:39  Marine  
  102  9:45  Thor  
  101  9:52  Missile Turret  
  100  9:57  Marine  
  100  9:59  Missile Turret  
  101  10:02  Missile Turret  
  101  10:13  Medivac  
  103  10:16  Missile Turret  
  103  10:17  SCV  
  103  10:34  Supply Depot  
  103  10:35  Missile Turret  
  103  10:37  Siege Tank  
  106  10:43  Medivac  
  108  10:56  Missile Turret  
  108  11:05  Command Center  
  108  11:06  Siege Tank  
  111  11:17  Siege Tank  
  114  11:18  Marine  
  116  11:49  Siege Tank  
  118  11:55  Supply Depot  
  118  11:59  Supply Depot  
  118  12:03  SCV  
  118  12:05  Thor  
  87  12:17  Marine  
  87  12:21  Siege Tank, Medivac  
  76  12:35  Marine  
  77  12:41  Hellion  
  79  12:48  Siege Tank  
  79  12:51  Medivac  
  84  12:53  Marine  
  85  13:04  Siege Tank  
  82  13:06  Hellion x2  
  82  13:11  Marine  
  82  13:12  SCV x2  
  87  13:19  Planetary Fortress  
  85  13:29  Marine  
  74  13:42  Siege Tank  
  74  13:47  Marine  
  70  14:00  Siege Tank  
  67  14:04  Marine  
  67  14:08  Hellion x2  
  72  14:14  Hellion  
  71  14:17  SCV x2  
  71  14:22  Marine  
  73  14:29  Hellion  
  75  14:34  Refinery  
  75  14:36  SCV x3  
  75  14:37  Refinery  
  75  14:38  Siege Tank  
  81  14:40  Marine  
  82  14:48  SCV x2  
  82  14:49  Siege Tank  
  87  14:58  Marine  
  78  15:03  Hellion x2  
  79  15:10  Siege Tank  
  79  15:16  Marine  
  71  15:21  Hellion  
  65  15:33  Marine  
  65  15:42  Siege Tank  
  67  15:44  Siege Tank  
  67  15:45  Missile Turret  
  70  15:51  Marine  
  65  16:06  Missile Turret  
  60  16:14  Thor  
  60  16:16  Siege Tank  
  60  16:17  Hellion x2  
  73  16:20  SCV  
  76  16:27  Viking  
  78  16:35  Barracks  
  78  16:36  Factory  
  78  16:38  Marauder, Hellion  
  80  16:43  SCV x2  
  80  16:44  SCV  
  83  16:48  Siege Tank  
  86  16:55  SCV, Infernal Pre-Igniter  
  86  16:57  Medivac  
  89  17:15  Siege Tank  
  92  17:16  Command Center  
  92  17:20  Factory Reactor  
  92  17:36  Siege Tank  
  97  17:37  Hellion x2  
  99  17:46  Marine x2  
  99  17:47  Hellion  
  102  18:04  Marine x2  
  104  18:07  Thor  
  104  18:08  Thor  
  116  18:22  Marine  
  117  18:31  Planetary Fortress  
  115  18:35  Missile Turret  
  110  18:50  Thor  
  110  18:51  Siege Tank  
  118  18:59  Supply Depot  
  114  19:07  Hellion x2  
  117  19:12  SCV  
  117  19:16  SCV x3  
  121  19:23  Siege Tank  
  124  19:25  SCV  
  124  19:26  Marine  
  124  19:28  SCV x2  
  127  19:33  Siege Tank  
  119  19:55  Thor  
  116  20:05  Thor  
  122  20:23  Viking  
  124  20:31  Widow Mine x4  
  132  20:38  Thor  
  138  20:48  Thor  
  140  20:52  Widow Mine  
  142  21:06  Widow Mine x3, Marine x2  
  150  21:24  Marine x2  
  150  21:29  Thor  
  150  21:30  Widow Mine x4  
  158  21:42  Marine x2  
  160  21:51  Widow Mine  
  156  21:59  Marine  
  156  22:00  Marine  
  158  22:12  Thor  
  156  22:17  Marine x2  
  158  22:35  Marine  
  151  22:49  Widow Mine x2  
  155  22:52  SCV x4  
  155  22:55  Siege Tank  
  160  23:04  SCV x4  
  156  23:16  SCV x3  
  156  23:17  SCV  
  155  23:27  Siege Tank  
  155  23:28  SCV  
  155  23:29  Widow Mine  
  123  23:43  Widow Mine, Marine x2  
  122  24:01  Marine x2  
  122  24:02  Hellion x4  
  135  24:04  Hellion  
  135  24:07  Command Center  
  135  24:17  SCV  
  143  24:24  Refinery  
Tags
 
Add a new tag
Caveats
  • Supply blocks, unpowered buildings, or Contaminate may cause inaccurate times.
  • Supply counts are checked every 10 seconds.